 Dungeon Crawl Stone Soup version 0.27-a0-1140-g099f9bb0e8 (webtiles) character file.

Game seed: 9910038366587947829

7009 Shayle the Thaumaturge (level 10, -6/67 HPs)
             Began as a Palentonga Necromancer on May 9, 2021.
             Was a Follower of Kikubaaqudgha.
             Mangled by a hornet (11 damage)
             ... on level 9 of the Dungeon.
             The game lasted 00:38:38 (17607 turns).

Shayle the Thaumaturge (Palentonga Necromancer)    Turns: 17607, Time: 00:38:39

Health: -6/67      AC: 16    Str: 12    XL:     10   Next: 82%
Magic:  21/24      EV:  9    Int: 19    God:    Kikubaaqudgha [*.....]
Gold:   603        SH:  0    Dex: 10    Spells: 15/30 levels left

rFire    . . .     SeeInvis +   I - +2 war axe (pain)
rCold    + . .     Faith    .   (no shield)
rNeg     . . .     Spirit   .   g - +3 leather armour
rPois    .         Reflect  .   l - +0 helmet
rElec    .         Harm     .   (no cloak)
rCorr    +         Rampage  .   e - +0 pair of gloves
Will     .....                  (no barding)
Stlth    +.........             (no amulet)
HPRegen  0.21/turn              c - ring of resist corrosion
MPRegen  0.19/turn              q - ring of protection from cold

@: lethally poisoned (-6 -> -11), slowed, curled up, very slow
A: large, rugged brown scales 3, see invisible, deformed body, roll 1, armoured
tail, reflexive curl
a: Rolling Charge, Renounce Religion, Receive Corpses


You were on level 9 of the Dungeon.
You worshipped Kikubaaqudgha.
Kikubaaqudgha was aware of your devotion.
You visited 2 branches of the dungeon, and saw 10 of its levels.
You also visited: Sewer.

You collected 603 gold pieces.

Inventory:

Hand Weapons
 d - a +3 hand axe
 f - a +0 rapier
 v - a +3 dagger of pain
 C - a +3 dire flail
 I - a +2 war axe of pain (weapon)
Missiles
 k - a throwing net
Armour
 a - a +0 robe
 e - a +0 pair of gloves (worn)
 g - a +3 leather armour (worn)
 l - a +0 helmet (worn)
 F - a +1 leather armour of cold resistance
 J - +0 steam dragon scales
Jewellery
 c - a ring of resist corrosion (left hand)
 p - a +4 ring of evasion
 q - a ring of protection from cold (right hand)
 x - a ring of fire
 y - an amulet of faith
Wands
 h - a wand of acid (13)
 s - a wand of digging (2)
 u - a wand of polymorph (10)
Scrolls
 b - a scroll of immolation
 j - 3 scrolls of blinking
 n - 2 scrolls of fog
 o - 3 scrolls of teleportation
 D - a scroll of amnesia
Potions
 i - a potion of degeneration {unknown}
 m - a potion of cancellation {unknown}
 t - 3 potions of lignification
 w - 2 potions of mutation
 z - a potion of heal wounds {unknown}
 A - 2 potions of berserk rage {unknown}
 B - 2 potions of invisibility {unknown}
 E - 2 potions of attraction {unknown}
 G - a potion of magic {unknown}
Miscellaneous
 r - a tin of tremorstones (2/2)


   Skills:
 - Level 1.5 Dodging
 - Level 1.2 Stealth
 - Level 10.8 Spellcasting
 + Level 9.9 Necromancy
 - Level 7.1 Evocations


You had 15 spell levels left.
You knew the following spells:

 Your Spells              Type           Power      Damage    Failure   Level
a - Pain                  Necr           100%       1d9       1%          1
b - Vampiric Draining     Necr           24%        2d9       1%          3
c - Animate Dead          Necr           24%        N/A       1%          4
d - Agony                 Necr           48%        N/A       4%          5
e - Sublimation of Blood  Necr           24%        N/A       1%          2

Your spell library contained the following spells:

 Spells                   Type           Power      Damage    Failure   Level
 Animate Skeleton         Necr           96%        N/A       1%          1
 Apportation              Tloc           20%        N/A       9%          1
 Corona                   Hex            11%        N/A       9%          1
 Sandblast                Erth           20%        2d7       9%          1
 Summon Small Mammal      Summ           40%        N/A       9%          1
 Passwall                 Tmut/Erth      8%         N/A       13%         2
 Lesser Beckoning         Tloc           5%         N/A       26%         3
 Stone Arrow              Conj/Erth      20%        3d8       26%         3
 Tukima's Dance           Hex            10%        N/A       26%         3
 Petrify                  Tmut/Erth      10%        N/A       65%         4
 Alistair's Intoxication  Tmut/Pois      6%         N/A       94%         5
 Lee's Rapid Deconstruct  Erth           5%         3d7*      94%         5
 Invisibility             Hex            10%        N/A       100%        6


Dungeon Overview and Level Annotations

Branches:
Dungeon (9/15)             Temple (1/1) D:7            Lair (0/6) D:8
  Sewer (visited)
    Orc: D:9-12

Altars:
Ashenzari
Cheibriados
Dithmenos
Elyvilon
Fedhas
Gozag
Hepliaklqana
Kikubaaqudgha
Makhleb
Nemelex Xobeh
Okawaru
Qazlal
Ru
Sif Muna
Trog
Uskayaw
Vehumet
Wu Jian
Xom
Yredelemnul
Zin
The Shining One


Innate Abilities, Weirdness & Mutations

You are completely covered in rugged brown scales. (AC +3, +7% HP)
You have supernaturally acute eyesight. (SInv)
Armour fits poorly on your strangely shaped body.
You can roll at nearby foes to attack.
You have a long armoured tail.
You curl defensively after being hit.


Message History

You feel very sick. The hornet barely misses you.
The hornet stings you but does no damage.
The hornet stings you!
You feel yourself slow down.
You slash the hornet!
The hornet writhes in agony.
The hornet is moderately wounded.
You feel yourself speed up.
You feel sick. The hornet closely misses you. The hornet stings you!
You suddenly lose the ability to move!
The hornet stings you.
You are more poisoned.
You feel yourself slow down.
You can move again.
Casting: Vampiric Draining (safe; 1% risk of failure)
Confirm with . or Enter, or press ? or * to list all spells.
Aiming: Vampiric Draining (safe; 1% risk of failure)
Press: ? - help, Shift-Dir - straight line, f - hornet
Aim: a hornet (moderately wounded)
You draw life force from the hornet!
You feel life coursing into your body.
You feel very sick. The hornet stings you!
You feel as though you will be slow longer.
The hornet stings you!
* * * LOW HITPOINT WARNING * * *
You feel as though you will be slow longer.
The hornet stings you but does no damage.
Unknown command.
You feel better. The hornet barely misses you. The hornet stings you!
* * * LOW HITPOINT WARNING * * *
You are lethally poisoned!
You feel as though you will be slow longer.
Unknown command.
Aiming: Corrosive Bolt
Press: ? - help, Shift-Dir - straight line, f/p - hornet
Aim: a hornet (heavily wounded, 60% to hit)
The bolt of acid misses the hornet.
* * * LOW HITPOINT WARNING * * *
You feel very sick. The hornet stings you!
You die...
Kikubaaqudgha rasps: "You have failed me!
Welcome... death!"

#....# .......
#.....##.......
..............#
..............#
.............#########
......... #8_8#.##.
#.y..## #.#...#.##.
#.@...###.#...#....
#.....#...##.##....
##.................
#..#..#.......#...#
#.##..#.......#....
#.....##...........
#......#..#.......#
##.......##.......#
########...............##


You could see a hornet.

Vanquished Creatures
  Maurice (D:8)
  Maggie (D:8)
  A troll (D:8)
  A hornet (D:8)
  2 wyverns
  A steam dragon (D:8)
  An acid dragon (D:7)
  2 water moccasins
  3 black bears
  An orc warrior (D:6)
  A sky beast (D:8)
  An ice beast (D:6)
  4 necrophages (D:6)
  5 ogres
  2 wolves (D:8)
  3 centaurs
  Blork the orc (D:5)
  A gnoll sergeant (D:8)
  5 scorpions
  4 bullfrogs
  7 killer bees (D:9)
  2 water moccasin skeletons
  2 wights
  9 howler monkeys
  4 electric eels (D:8)
  A centaur zombie (D:7)
  4 bullfrog zombies (D:6)
  A human zombie (D:6)
  3 bullfrog skeletons
  A centaur skeleton (D:7)
  8 hounds
  5 jellies
  2 gnoll shamans
  3 orc priests
  A scorpion zombie (D:5)
  6 iguanas
  10 orc wizards
  5 killer bee zombies
  A howler monkey zombie (D:6)
  11 gnolls
  17 adders
  A shadow imp (D:6)
  A white imp (D:7)
  3 ufetubi
  An adder zombie (D:5)
  2 worms
  A dart slug (D:4)
  40 orcs
  16 endoplasms
  10 giant cockroaches
  8 hobgoblins
  5 jackals (D:4)
  11 quokkas
  13 ball pythons
  5 bats
  15 frilled lizards
  3 goblins
  4 kobolds
  5 rats
288 creatures vanquished.

Notes
Turn   | Place    | Note
-------+----------+-------------------------------------------
     0 | D:1      | Shayle the Palentonga Necromancer began the quest for the
                  | Orb.
     0 | D:1      | Reached XP level 1. HP: 13/13 MP: 3/3
   652 | D:1      | Found a faded altar of an unknown god.
   927 | D:1      | Reached XP level 2. HP: 12/20 MP: 0/5
  1758 | D:2      | Reached skill level 3 in Spellcasting
  2227 | D:3      | Reached XP level 3. HP: 20/25 MP: 3/7
  2451 | D:3      | Found a glowing drain.
  2455 | Sewer    | Entered a sewer
  2503 | Sewer    | Learned a level 3 spell: Vampiric Draining
  2853 | Sewer    | Reached skill level 4 in Spellcasting
  2853 | Sewer    | Reached XP level 4. HP: 13/32 MP: 5/10
  4016 | Sewer    | Reached XP level 5. HP: 37/37 MP: 8/12
  4051 | Sewer    | Reached skill level 5 in Spellcasting
  4167 | Sewer    | Reached XP level 6. HP: 35/43 MP: 1/14
  4417 | D:3      | Reached skill level 6 in Spellcasting
  5963 | D:4      | Reached skill level 7 in Spellcasting
  5963 | D:4      | Gained mutation: You curl defensively after being hit.
                  | [Palentonga growth]
  5963 | D:4      | Reached XP level 7. HP: 28/49 MP: 9/17
  6726 | D:5      | Entered Level 5 of the Dungeon
  6806 | D:5      | Reached skill level 8 in Spellcasting
  6877 | D:5      | Found a shimmering altar of Xom.
  6917 | D:4      | Learned a level 4 spell: Animate Dead
  6923 | D:4      | Learned a level 5 spell: Agony
  7494 | D:5      | Found an iron altar of Okawaru.
  7807 | D:5      | Reached skill level 1 in Evocations
  8183 | D:5      | Reached XP level 8. HP: 42/55 MP: 15/20
  9149 | D:6      | Noticed a +0 spear
  9149 | D:6      | Noticed a +0 falchion
  9149 | D:6      | Noticed a +0 falchion
  9150 | D:6      | Noticed a +0 short sword
  9150 | D:6      | Noticed a +0 dagger
  9150 | D:6      | Noticed a +0 dagger
  9150 | D:6      | Noticed a +0 short sword
  9152 | D:6      | Noticed a +0 spear
  9156 | D:6      | Found a hide-covered altar of Uskayaw.
  9156 | D:6      | Noticed Blork the orc
  9175 | D:5      | Killed Blork the orc
  9176 | D:5      | Reached skill level 9 in Spellcasting
  9969 | D:6      | Reached XP level 9. HP: 49/60 MP: 3/22
 10195 | D:6      | Reached skill level 5 in Evocations
 10549 | D:6      | Reached skill level 10 in Spellcasting
 11916 | D:6      | Found a basalt altar of Yredelemnul.
 12592 | D:7      | Found a staircase to the Ecumenical Temple.
 12596 | Temple   | Entered the Ecumenical Temple
 14009 | D:7      | Reached skill level 5 in Necromancy
 14009 | D:7      | Reached XP level 10. HP: 67/67 MP: 24/24
 14240 | D:7      | Found a large runed translucent door.
 14246 | D:7      | Found a large runed translucent door.
 14258 | D:7      | Found an ornate altar of the Wu Jian Council.
 14261 | D:7      | Found a shimmering blue altar of Sif Muna.
 14751 | D:8      | Found an ancient bone altar of Kikubaaqudgha.
 14757 | D:8      | Became a worshipper of Kikubaaqudgha
 14861 | D:8      | Noticed Maggie
 14866 | D:8      | Killed Maggie
 14866 | D:8      | Noticed Maurice
 14897 | D:8      | Killed Maurice
 15078 | D:8      | Paralysed by a hornet for 3 turns
 15934 | D:8      | Found a staircase to the Lair.
 15942 | D:8      | Reached * piety under Kikubaaqudgha
 15942 | D:8      | Identified Kikubaaqudgha's Catalogue of Black Rites
                  | (Kikubaaqudgha gifted it to you on level 8 of the Dungeon)
 15942 | D:8      | Received a gift from Kikubaaqudgha
 15949 | D:8      | Learned a level 2 spell: Sublimation of Blood
 17442 | D:9      | Found an opulent altar of Gozag.
 17604 | D:9      | Paralysed by a hornet for 1 turns
 17607 | D:9      | Mangled by a hornet

Illustrated notes

Levels and vault maps discovered:
D:1:      dpeg_arrival_brainrot, layout_basic,
          shapermc_ecumenical_altar_mp_urbaneastern
D:2:      layout_basic, serial_glass, glass_columns_b, glass_columns_a,
          glass_columns_c, glass_columns_a
D:3:      layout_basic, gup_sewer_entry_bowl
D:4:      layout_loops_ring
D:5:      layout_basic, xom_teletrap_fun, okawaru_ov_weapons_minmay
D:6:      kennysheep_windowed_halls, layout_loops_ring,
          nicolae_uskayaw_en_pointe, lemuel_mausoleum_altar_yredelemnul,
          uniq_blork_the_orc
D:7:      layout_loops_corners, jmf_multi_god_temple2,
          minmay_temple_entry_steel_oval, minmay_fractal_squares_5
D:8:      layout_loops_ring, nicolae_kikubaaqudgha_miasma_corner,
          erik_lair_island, nicolae_benzene_ring, kennysheep_windowed_goal,
          uniq_maurice, uniq_maggie
D:9:      layout_cave_pools, grunt_gozag_breadcrumbs, kennysheep_small_spiral,
          minmay_misc_feat_alley, wad_scary_box
Temple:   minmay_temple_curvy_branch

Skill      XL: |  1  2  3  4  5  6  7  8  9 10 |
---------------+-------------------------------+-----
Spellcasting   | 3 4 5 7 8 9 10 | 10.8
Evocations     | 1 4 7 |  7.1
Necromancy     | 5 9 |  9.9
Dodging        | |  1.5
Stealth        | |  1.2

Action                   |  1- 3 |  4- 6 |  7- 9 | 10-12 || total
-------------------------+-------+-------+-------+-------++-------
Melee: Club              |     4 |       |       |       ||     4
       Unarmed           |     3 |       |       |       ||     3
       Rapier            |    67 |   220 |       |       ||   287
       Tailslap          |     4 |    22 |    46 |    10 ||    82
       Dagger            |       |     5 |   474 |    72 ||   551
       War axe           |       |       |       |    35 ||    35
 Cast: Pain              |    49 |    24 |       |     1 ||    74
       Vampiric Draining |     1 |    21 |   102 |    74 ||   198
       Agony             |       |       |     1 |       ||     1
       Animate Dead      |       |       |       |     4 ||     4
Evoke: Wand              |       |       |     6 |    16 ||    22
  Use: Potion            |       |     2 |       |     3 ||     5
       Scroll            |       |       |    13 |     1 ||    14
 Stab: Sleeping          |       |     2 |     5 |       ||     7
Armor: Robe              |    47 |   102 |   162 |    28 ||   339
       Leather armour    |       |       |       |    42 ||    42
Dodge: Dodged            |    41 |   169 |   432 |   127 ||   769

Table legend: (Time is in decaauts)
 A = Elapsed time spent in this place.
 B = Non-inter-level travel time spent in this place.
 C = Inter-level travel time spent in this place.
 D = Time resting spent in this place.
 E = Time spent auto-exploring this place.
 F = Levels seen in this place.
 G = Mean time per level.
                   A        B        C        D        E       F      G
               +--------+--------+--------+--------+--------+-----+--------+
         Total |  17794 |  17192 |    602 |   6620 |   6922 |  11 | 1617.6 |
       Dungeon |  15643 |  15062 |    581 |   5253 |   6673 |   9 | 1738.1 |
        Temple |    274 |    253 |     21 |      0 |    217 |   1 |  274.0 |
         Sewer |   1876 |   1876 |      0 |   1367 |     32 |   1 | 1876.0 |
               +--------+--------+--------+--------+--------+-----+--------+

Top non-repeatable levels by time:
     D:6: 3350 daAuts
     D:4: 2318 daAuts
     D:7: 2046 daAuts
     D:5: 2018 daAuts
     D:8: 1942 daAuts
   Sewer: 1876 daAuts
     D:1: 1575 daAuts
     D:3: 1016 daAuts
     D:9: 728 daAuts
     D:2: 645 daAuts
  Temple: 274 daAuts
